 Dungeon Crawl Stone Soup version 0.29-a0-1043-g569b05d6ff (webtiles) character file.

Game seed: 176792394122955234

9928 xian the Cleaver (level 11, -1/84 (86) HPs)
             Began as a Demonspawn Abyssal Knight on Aug 15, 2022.
             Was the Champion of Lugonu.
             Slain by a wight
             ... wielding a +2 short sword
              (9 damage)
             ... on level 10 of the Dungeon.
             The game lasted 00:27:54 (9960 turns).

xian the Cleaver (Demonspawn Abyssal Knight)        Turns: 9960, Time: 00:27:54

HP:   -1/84 (86)    AC: 18    Str: 24    XL:     11   Next: 29%
MP:   12/12         EV:  9    Int: 16    God:    Lugonu [******]
Gold: 1704          SH:  0    Dex: 14    Spells: 10/10 levels left

rFire   + + .      SeeInvis +   J - +1 hand axe "Jellybane" {vorpal, rF+ Str+2}
rCold   + . .      Faith    .   (no shield)
rNeg    . . .      Spirit   .   p - +0 plate armour
rPois   .          Reflect  .   (no helmet)
rElec   .          Harm     .   (no cloak)
rCorr   .          Rampage  .   w - +0 pair of gloves
Will    .....                   f - +2 pair of boots {Fly}
Stlth   ..........              m - amulet of the acrobat
HPRegen 0.24/turn               l - ring of see invisible
MPRegen 0.13/turn               C - ring "Ungeni" {rF+ rC+ Str+4 Int+5}

@: flying, lightly drained
A: hooves 2, foul stench 1, spiny 1, weakness stinger 2, demonic touch 1
a: Renounce Religion, Depart the Abyss, Bend Space, Banish, Corrupt, Enter the
Abyss, Brand Weapon With Distortion


You were on level 10 of the Dungeon.
You worshipped Lugonu.
Lugonu was exalted by your worship.
You visited 1 branch of the dungeon, and saw 10 of its levels.
You visited the Abyss 1 time.
You also visited: Sewer and Ossuary.

You collected 1704 gold pieces.

Inventory:

Hand Weapons
 J - the +1 hand axe "Jellybane" (weapon) {vorpal, rF+ Str+2}
   (You found it on level 9 of the Dungeon)

   It inflicts extra damage upon your enemies.
   Str:       It affects your strength (+2).
   rF:        It protects you from fire.
Missiles
 e - 2 throwing nets
 i - 31 poisoned darts (quivered)
 y - 2 curare-tipped darts
Armour
 f - a +2 pair of boots of flying (worn)
 p - a +0 plate armour (worn)
 w - a +0 pair of gloves (worn)
Jewellery
 d - a ring of resist corrosion
 h - a +4 ring of protection
 l - a ring of see invisible (left hand)
 m - an amulet of the acrobat (around neck)
 n - a ring of wizardry
 v - a ring of protection from fire
 x - a ring of poison resistance
 C - the ring "Ungeni" (right hand) {rF+ rC+ Str+4 Int+5}
   (You found it on level 5 of the Dungeon)

   [ring of protection from fire]

   Str:       It affects your strength (+4).
   Int:       It affects your intelligence (+5).
   rF:        It protects you from fire.
   rC:        It protects you from cold.
 F - a +4 ring of slaying
Wands
 t - a wand of paralysis (31)
 u - a wand of iceblast (20)
Scrolls
 c - 4 scrolls of fear
 k - a scroll of immolation
 o - 4 scrolls of teleportation
 q - a scroll of blinking
 r - a scroll of amnesia
 s - 3 scrolls of enchant armour
 z - a scroll of poison
 I - a scroll of fog
Potions
 b - a potion of haste
 g - 6 potions of curing
 j - 4 potions of mutation
 B - 3 potions of heal wounds
 D - a potion of degeneration {unknown}
 E - a potion of cancellation
 G - 2 potions of resistance {unknown}


   Skills:
 + Level 8.2 Fighting
 + Level 11.2 Axes
 + Level 1.4 Throwing
 + Level 8.3 Armour
 + Level 4.3 Dodging
 + Level 3.0 Stealth
 + Level 2.6 Invocations


You had 10 spell levels left.
You didn't know any spells.
Your spell library contained the following spells:

 Spells                   Type           Power      Damage    Failure   Level
 Blink                    Tloc           0%         N/A       99%         2
 Static Discharge         Conj/Air       0%         3-3/arc   99%         2
 Conjure Flame            Conj/Fire      0%         6-21      100%        3
 Ignite Poison            Fire/Tmut/Pois 0%         N/A       100%        3
 Animate Armour           Summ/Erth      0%         N/A       100%        4
 Dispel Undead            Necr           0%         3d6       100%        4
 Sticky Flame             Conj/Fire      0%         2d3       100%        4
 Blade Hands              Tmut           0%         N/A       100%        5
 Manifold Assault         Tloc           0%         N/A       100%        5
 Iron Shot                Conj/Erth      0%         9d1       100%        6
 Storm Form               Tmut/Air       0%         N/A       100%        7


Dungeon Overview and Level Annotations

Branches:
Dungeon (10/15)            Temple (0/1) D:5           Sewer (visited)
Ossuary (visited)
   Lair: D:8-11         Orc: D:9-12

Altars:
Ashenzari
Fedhas
Qazlal


Innate Abilities, Weirdness & Mutations

You have hoof-like feet.
You may rarely emit foul miasma when damaged in melee.
You are partially covered in sharp spines.
You have a tail ending in a sharp stinger.
Your touch may inflict minor irresistible damage on your foes.


Message History

The wight is severely damaged.
You completely miss the wight.
You touch the wight.
You destroy the wight!
Lugonu accepts your kill.
Things that are here:
a +5 mace; a +0 robe 3 wights come into view.
A wight is wielding a +1 dagger of venom.
The wight misses you. The acid dragon spits acid at you.
The splash of acid hits you!!
* * * LOW HITPOINT WARNING * * *
You see here a +0 robe.
The wight completely misses you. The wight completely misses you.
Found a stone staircase leading up.
You feel much better. The wight barely misses you.
You hit the wight but do no damage. The wight is struck by your spines.
The wight hits you but does no damage.
The wight hits you from afar with a +4 halberd.
You slash the wight!
Your tail-slap misses the wight.
The wight is almost destroyed.
The wight hits you with a +2 short sword.
* * * LOW HITPOINT WARNING * * *
The wight hits you from afar with a +4 halberd!
* * * LOW HITPOINT WARNING * * *
The wight attacks as you move away!
The wight hits you with a +2 short sword!
* * * LOW HITPOINT WARNING * * *
You feel drained.
* * * LOW HITPOINT WARNING * * *
The wight attacks as you move away! The wight completely misses you.
The wight attacks as you move away! The wight misses you.
The wight attacks as you move away! The wight hits you but does no damage.
Found a leather armour.
Found a stone staircase leading down.
An electric eel comes into view.
There is a stone staircase leading up here.
The wight hits you with a +2 short sword!
You die...

#≈≈ ≈.. ## ≈≈#≈S≈. ##
≈≈≈≈#≈. ## ##.......
≈#≈≈≈≈...## ##........
≈≈≈....... ....<......
.........####...........
#...#...#..##........
#...@.....###........
###.z##.....#........
#.z#..###...[##
#..D.Dzz...#.)#
...........#####..##
.##.#..##..........##
.[.##.....#........# .>#
#..............### ...
#....###.........#


You could see an acid dragon, an electric eel and 2 wights.

Vanquished Creatures
  A deep elf pyromancer (D:9)
  Pikel (D:7)
  Maggie (D:7)
  An unseen horror zombie (D:7)
  A troll (D:9)
  Grinder (D:6)
  18 yaks (D:9)
  A shadow (D:9)
  A wyvern (D:9)
  A wraith (D:9)
  Duvessa (D:4)
  A water moccasin (D:7)
  Pargi (Sewer)
  2 hornet zombies (D:7)
  An ice beast (D:7)
  3 sky beasts
  A black bear (D:6)
  2 orc warriors
  3 ogres
  6 centaurs
  4 lemures (D:7)
  4 kobold brigands
  Blork the orc (D:5)
  5 bullfrogs
  A necrophage (D:5)
  A wyvern zombie (D:7)
  4 scorpions
  24 wights
  Dowan (D:4)
  An electric eel (D:10)
  A howler monkey (D:8)
  2 centaur zombies
  A human zombie (Ossuary)
  3 hounds
  A jelly (D:6)
  3 orc priests
  4 iguanas (D:5)
  2 gnoll boudas
  6 orc wizards
  2 mummies (Ossuary)
  10 gnolls
  7 adders
  2 white imps
  An ufetubus (D:6)
  An adder zombie (Ossuary)
  A worm (D:4)
  2 dart slugs
  23 orcs
  4 ball pythons
  12 bats
  6 endoplasms
  5 giant cockroaches
  9 goblins
  A hobgoblin (D:1)
  5 jackals
  3 quokkas
  2 frilled lizards
  2 goblin zombies (Ossuary)
  3 hobgoblin zombies (Ossuary)
  2 jackal zombies (Ossuary)
  16 kobolds
  17 kobold zombies (Ossuary)
  7 orc zombies (Ossuary)
  8 rats
  3 rat zombies (Ossuary)
271 creatures vanquished.

Vanquished Creatures (others)
  6 plants
6 creatures vanquished.

Grand Total: 277 creatures vanquished

Notes
Turn   | Place    | Note
-------+----------+-------------------------------------------
     0 | Abyss:1  | xian the Demonspawn Abyssal Knight began the quest for the
                  | Orb.
     0 | Abyss:1  | Reached XP level 1. HP: 18/18 MP: 2/2
     3 | D:1      | Escaped the Abyss
   109 | D:1      | Reached skill level 1 in Dodging
   109 | D:1      | Discovered your monstrous ancestry.
   109 | D:1      | Gained mutation: Your touch may inflict minor irresistible
                  | damage on your foes. [demonic ancestry]
   109 | D:1      | Reached XP level 2. HP: 9/24 MP: 3/3
   337 | D:1      | Reached skill level 2 in Axes
  1300 | D:2      | Gained mutation: You are partially covered in sharp spines.
                  | [demonic ancestry]
  1300 | D:2      | Reached XP level 3. HP: 28/29 MP: 4/4
  1508 | D:2      | Reached *** piety under Lugonu
  1873 | D:3      | Identified a scroll of acquirement
  1873 | D:3      | Acquired 1125 gold pieces
  1914 | D:3      | Found a glowing drain.
  1944 | Sewer    | Entered a sewer
  1980 | Sewer    | Noticed Pargi
  1991 | Sewer    | Killed Pargi
  1992 | Sewer    | Reached skill level 3 in Axes
  1992 | Sewer    | Reached XP level 4. HP: 37/37 MP: 5/5
  1992 | Sewer    | Gained mutation: You have large cloven feet. [demonic
                  | ancestry]
  1992 | Sewer    | Reached XP level 5. HP: 42/42 MP: 6/6
  2616 | D:3      | Noticed an ogre
  2624 | D:3      | Killed an ogre
  2625 | D:3      | Reached skill level 1 in Stealth
  2889 | D:3      | Gained mutation: You have a small tail. [demonic ancestry]
  2889 | D:3      | Reached XP level 6. HP: 48/48 MP: 7/7
  3066 | D:4      | Reached skill level 4 in Axes
  3076 | D:4      | Noticed Duvessa
  3079 | D:4      | Noticed Dowan
  3084 | D:4      | Reached **** piety under Lugonu
  3085 | D:4      | Killed Duvessa
  3094 | D:4      | Killed Dowan
  3095 | D:4      | Reached XP level 7. HP: 33/54 MP: 8/8
  3858 | D:5      | Entered Level 5 of the Dungeon
  3920 | D:5      | Found a staircase to the Ecumenical Temple.
  3988 | D:5      | Reached skill level 5 in Axes
  4380 | D:5      | Gained mutation: You have hoof-like feet. [demonic
                  | ancestry]
  4380 | D:5      | Reached XP level 8. HP: 26/61 MP: 9/9
  4631 | D:5      | Noticed Blork the orc
  4643 | D:5      | Killed Blork the orc
  4644 | D:5      | Reached skill level 5 in Fighting
  4644 | D:5      | Reached skill level 6 in Axes
  4738 | D:5      | Identified the ring "Ungeni" {rF+ rC+ Str+4 Int+5}
  5493 | D:6      | Reached skill level 7 in Axes
  5872 | D:6      | Noticed Grinder
  5887 | D:6      | Killed Grinder
  5888 | D:6      | Gained mutation: You have a tail ending in a sharp stinger.
                  | [demonic ancestry]
  5888 | D:6      | Reached XP level 9. HP: 68/69 MP: 10/10
  6029 | D:7      | Reached skill level 5 in Armour
  6054 | D:7      | Reached skill level 8 in Axes
  6066 | D:7      | Noticed Maggie
  6078 | D:7      | Reached ***** piety under Lugonu
  6089 | D:7      | Killed Maggie
  6090 | D:7      | Reached skill level 9 in Axes
  6090 | D:7      | Reached XP level 10. HP: 32/79 MP: 11/11
  6271 | D:7      | Noticed Pikel
  6281 | D:7      | Killed Pikel
  7517 | D:8      | Reached skill level 10 in Axes
  7590 | D:8      | Found a sand-covered staircase.
  7602 | Ossuary  | Entered an ossuary
  8366 | D:9      | Noticed a deep elf pyromancer
  8390 | D:9      | Killed a deep elf pyromancer
  8658 | D:9      | Found a broken altar of Ashenzari.
  8679 | D:9      | Found a stormy altar of Qazlal.
  8856 | D:9      | Reached skill level 1 in Throwing
  8856 | D:9      | Gained mutation: You may rarely emit foul miasma when
                  | damaged in melee. [demonic ancestry]
  8856 | D:9      | Reached XP level 11. HP: 19/86 MP: 12/12
  8868 | D:9      | Reached ****** piety under Lugonu
  8882 | D:9      | Reached skill level 11 in Axes
  9435 | D:9      | Identified the +1 hand axe "Jellybane" {vorpal, rF+ Str+2}
  9563 | D:9      | Found a blossoming altar of Fedhas.
  9918 | D:10     | Entered Level 10 of the Dungeon
  9960 | D:10     | Slain by a wight

Illustrated notes

Levels and vault maps discovered:
D:1:      dpeg_arrival_brainrot, layout_basic, st_stairs_5,
          minmay_misc_feat_rugged
D:2:      layout_rooms
D:3:      layout_basic, portal_sewer_entry_a
D:4:      layout_loops_ring, kennysheep_cross_room, minmay_vboxes, uniq_duvessa
D:5:      layout_loops_ring, minmay_temple_entry_gardened_gates,
          uniq_blork_the_orc
D:6:      layout_gridville, grunt_ministairs_13, uniq_grinder
D:7:      layout_cave_pools, serial_undead, serial_undead_d, serial_undead_d,
          serial_undead_d, serial_undead_d, uniq_maggie, uniq_pikel
D:8:      layout_loops_cross, enter_ossuary_1
D:9:      layout_basic, lemuel_round_altar, mainiacjoe_overflow_small_starburst,
          nicolae_qazlal_general_emergency, st_stairs_9, evilmike_butchery
D:10:     layout_rooms, nicolae_twisting_strands,
          chequers_serial_rivers_micro_e, reono_crystal_passage,
          nicolae_lava_and_water, nicolae_wooded_promenade,
          kennysheep_big_empty_room, serial_bayou_lake_a, uniq_nergalle

Skill      XL: |  1  2  3  4  5  6  7  8  9 10 11 |
---------------+----------------------------------+-----
Dodging        | 1 2 3 4 |  4.3
Axes           | 2 3 4 5 7 9 10 11 | 11.2
Armour         | 2 3 4 6 8 |  8.3
Stealth        | 1 2 3 |  3.0
Fighting       | 4 5 7 8 |  8.2
Throwing       | 1 |  1.4
Invocations    | |  2.6

Action                   |  1- 3 |  4- 6 |  7- 9 | 10-12 || total
-------------------------+-------+-------+-------+-------++-------
Melee: Hand axe          |    81 |    45 |   181 |   269 ||   576
       Punch             |     3 |       |     1 |     4 ||     8
       Touch             |    11 |    10 |    43 |    58 ||   122
       Tailslap          |       |     4 |    30 |    46 ||    80
Throw: Dart              |       |       |     2 |     5 ||     7
  Use: Scroll            |     2 |       |     7 |     9 ||    18
       Potion            |       |       |     4 |     5 ||     9
 Stab: Sleeping          |       |     2 |       |       ||     2
Armor: Leather armour    |    41 |     7 |     9 |       ||    57
       Plate armour      |       |       |   107 |   106 ||   213
Dodge: Dodged            |    84 |    40 |   120 |   157 ||   401

Table legend: (Time is in decaauts)
 A = Elapsed time spent in this place.
 B = Non-inter-level travel time spent in this place.
 C = Inter-level travel time spent in this place.
 D = Time resting spent in this place.
 E = Time spent auto-exploring this place.
 F = Levels seen in this place.
 G = Mean time per level.
                   A        B        C        D        E       F      G
               +--------+--------+--------+--------+--------+-----+--------+
         Total |   9906 |   9707 |    199 |      0 |   7364 |  13 |  762.0 |
       Dungeon |   9534 |   9335 |    199 |      0 |   7261 |  10 |  953.4 |
         Abyss |      3 |      3 |      0 |      0 |      0 |   1 |    3.0 |
         Sewer |    108 |    108 |      0 |      0 |     25 |   1 |  108.0 |
       Ossuary |    259 |    259 |      0 |      0 |     78 |   1 |  259.0 |
               +--------+--------+--------+--------+--------+-----+--------+

Top non-repeatable levels by time:
     D:9: 1597 daAuts
     D:1: 1259 daAuts
     D:5: 1179 daAuts
     D:8: 984 daAuts
     D:6: 984 daAuts
     D:7: 981 daAuts
     D:3: 953 daAuts
     D:4: 953 daAuts
     D:2: 599 daAuts
 Ossuary: 259 daAuts
   Sewer: 108 daAuts
    D:10: 39 daAuts
 Abyss:1: 3 daAuts
